 Dungeon Crawl Stone Soup version 0.27-a0-1181-g5f64966fcc (webtiles) character file.

Game seed: 5954261858794725631

1622 bande the Chopper (level 8, -3/49 HPs)
             Began as a Gargoyle Fighter on May 18, 2021.
             Was a Believer of Okawaru.
             Killed by divine providence
             ... invoked by an orc priest
              (12 damage)
             ... on level 7 of the Dungeon.
             The game lasted 00:12:04 (6700 turns).

bande the Chopper (Gargoyle Fighter)                Turns: 6700, Time: 00:12:04

Health: -3/49      AC: 20    Str: 21    XL:     8   Next: 96%
Magic:  10/10      EV:  8    Int:  9    God:    Okawaru [**....]
Gold:   329        SH: 11    Dex: 10    Spells: 7/7 levels left

rFire    . . .     SeeInvis .   a - +0 war axe (flame)
rCold    . . .     Faith    .   c - +1 kite shield
rNeg     + . .     Spirit   .   b - +0 scale mail
rPois    ∞         Reflect  .   z - +2 hat
rElec    +         Harm     .   g - +2 cloak
rCorr    .         Rampage  .   m - +0 pair of gloves
Will     .....                  e - +0 pair of boots
Stlth    ..........             (no amulet)
HPRegen  0.16/turn              (no ring)
MPRegen  0.12/turn              (no ring)

@: no status effects
A: sickness immunity, AC +5, negative energy resistance 1, electricity
resistance, torment resistance 1, petrification resistance
a: Renounce Religion, Heroism


You were on level 7 of the Dungeon.
You worshipped Okawaru.
Okawaru was pleased with you.
You visited 2 branches of the dungeon, and saw 8 of its levels.

You collected 329 gold pieces.

Inventory:

Hand Weapons
 a - a +0 war axe of flaming (weapon)
 n - a +0 war axe
Armour
 b - a +0 scale mail (worn)
 c - a +1 kite shield (worn)
 e - a +0 pair of boots (worn)
 g - a +2 cloak (worn)
 m - a +0 pair of gloves (worn)
 z - a +2 hat (worn)
Jewellery
 j - an amulet of reflection
 t - an amulet of the acrobat
Wands
 h - a wand of iceblast (10)
 u - a wand of paralysis (17)
 w - a wand of digging (6)
Scrolls
 l - a scroll of enchant armour
 o - a scroll of teleportation
 x - a scroll of amnesia
 y - a scroll of identify
Potions
 d - 2 potions of might
 f - 3 potions of curing
 i - 2 potions of heal wounds {unknown}
 k - a potion of berserk rage
 p - 3 potions of flight {unknown}
 q - a potion of brilliance {unknown}
 r - a potion of mutation {unknown}
 s - a potion of ambrosia {unknown}
 v - a potion of cancellation {unknown}


   Skills:
 + Level 5.1 Fighting
 + Level 6.1 Axes
 + Level 5.1 Armour
 - Level 0.7 Dodging
 - Level 0.8 Stealth
 + Level 6.0 Shields
 * Level 3.5 Invocations
 * Level 3.4 Evocations


You had 7 spell levels left.
You didn't know any spells.
Your spell library contained the following spells:

 Spells                   Type           Power      Damage    Failure   Level
 Beastly Appendage        Tmut           0%         N/A       97%         1
 Foxfire                  Conj/Fire      0%         2x1d4     97%         1
 Magic Dart               Conj           0%         1d3       97%         1
 Searing Ray              Conj           0%         3d3       99%         2
 Wereblood                Tmut           0%         N/A       99%         2
 Dazzling Flash           Conj/Hex       0%         N/A       100%        3
 Spider Form              Tmut/Pois      0%         N/A       100%        3
 Cause Fear               Hex            0%         N/A       100%        4
 Fulminant Prism          Conj/Hex       0%         3d6       100%        4
 Ice Form                 Ice/Tmut       0%         N/A       100%        4
 Iskenderun's Mystic Bla  Conj/Tloc      0%         2d3       100%        4
 Hydra Form               Tmut           0%         N/A       100%        5
 Dragon Form              Tmut           0%         N/A       100%        7
 Dragon's Call            Summ           0%         N/A       100%        9


Dungeon Overview and Level Annotations

Branches:
Dungeon (7/15)             Temple (1/1) D:5

Altars:
Ashenzari
Dithmenos
Gozag
Hepliaklqana
Kikubaaqudgha
Okawaru
Ru
Sif Muna
Trog
Wu Jian
Yredelemnul
Zin
The Shining One


Innate Abilities, Weirdness & Mutations

You are immune to sickness and miasma.
Your stone body is resilient. (AC +5)
You are immune to poison.
You resist negative energy. (rN+)
You are resistant to electric shocks. (rElec)
You are resistant to unholy torment.
You are immune to petrification.


Message History

Beogh smites you! Something hits you. You block the orc's attack.
The orc hits you but does no damage.
The dart slug bites you but does no damage.
The orc hits you with a +0 short sword.
Found a potion of curing.
You see here a +0 whip.
Unknown command.
You barely miss the orc. You hit something. You burn something.
You hit the orc but do no damage. You slash the dart slug!
You burn the dart slug.
You kill the dart slug!
Okawaru accepts your kill.
You hit the orc. You burn the orc. You barely miss the orc.
Something hits you but does no damage. The orc hits you but does no damage.
You block the orc's attack. x2; The orc hits you but does no damage.
Something hits you but does no damage. The orc barely misses you.
The orc hits you with a +0 short sword.
You hit the orc. You burn the orc.
You kill the orc!
Okawaru accepts your kill.
You slash the orc priest! You burn the orc priest.
You hit the orc but do no damage. You closely miss the orc. You slash the orc!
You burn the orc.
You kill the orc!
Okawaru accepts your kill.
You hit something. You burn something. Okawaru accepts your kill.
Reactivating autopickup.
You feel a bit more experienced.
The orc priest calls upon Beogh to heal the orc.
The orc's wounds heal themselves!
The orc barely misses you. The orc hits you but does no damage.
The orc priest calls down the wrath of Beogh upon you.
Beogh smites you!
* * * LOW HITPOINT WARNING * * *
The orc hits you but does no damage.
The orc priest mumbles some strange prayers to Beogh against you.
Beogh smites you!
You die...

.........#....≈≈≈.≈##♣!
.......# #.....≈≈(.."[<(
.......###..$.≈≈≈..#≈...
..............≈≈≈≈≈≈≈≈≈≈
..#.......####†#≈≈≈≈≈≈≈#
..#..../...###..≈≈≈≈#≈≈≈
.....##.......).≈≈≈≈≈≈≈≈
......#........oo≈≈≈≈≈≈≈
......#..$....#o@..≈≈≈≈≈
.....>.......##)).$.≈≈.≈
................!......#
#......................#
#......!##..........(...
.......##...... ......##
#..... .!.... .....


You could see an orc priest and 2 orcs.

Vanquished Creatures
  A spriggan (D:7)
  A black bear (D:6)
  2 ice beasts (D:6)
  A hornet zombie (D:7)
  A necrophage (D:6)
  2 bullfrogs
  2 scorpions (D:6)
  A gnoll sergeant (D:6)
  A water moccasin skeleton (D:4)
  A centaur zombie (D:6)
  4 hounds
  A jelly (D:4)
  A gnoll shaman (D:7)
  2 orc priests
  A bullfrog skeleton (D:5)
  A centaur skeleton (D:4)
  Ijyb (D:2)
  An orc wizard (D:7)
  A killer bee zombie (D:6)
  7 gnolls
  7 adders
  A howler monkey skeleton (D:5)
  A worm (D:2)
  7 dart slugs
  17 orcs
  7 ball pythons
  9 endoplasms
  2 giant cockroaches
  8 goblins
  10 hobgoblins
  9 jackals
  10 kobolds
  5 quokkas
  4 bats
  3 frilled lizards
  4 rats
137 creatures vanquished.

Vanquished Creatures (others)
  10 withered plants (D:3)
10 creatures vanquished.

Grand Total: 147 creatures vanquished

Notes
Turn   | Place    | Note
-------+----------+-------------------------------------------
     0 | D:1      | bande the Gargoyle Fighter began the quest for the Orb.
     0 | D:1      | Reached XP level 1. HP: 14/14 MP: 1/1
    81 | D:1      | Reached XP level 2. HP: 19/19 MP: 2/2
   231 | D:1      | Reached XP level 3. HP: 20/23 MP: 3/3
   742 | D:2      | Found a faded altar of an unknown god.
   841 | D:2      | Noticed Ijyb
   859 | D:2      | Killed Ijyb
   860 | D:2      | Reached XP level 4. HP: 18/29 MP: 4/4
  2208 | D:3      | Reached XP level 5. HP: 33/33 MP: 5/5
  2722 | D:3      | Found a glowing silver altar of Zin.
  2826 | D:3      | Found an ancient bone altar of Kikubaaqudgha.
  3342 | D:4      | Reached skill level 1 in Evocations
  3342 | D:4      | Reached XP level 6. HP: 38/38 MP: 6/6
  4585 | D:5      | Entered Level 5 of the Dungeon
  4628 | D:5      | Found a staircase to the Ecumenical Temple.
  4644 | Temple   | Entered the Ecumenical Temple
  4720 | Temple   | Became a worshipper of Warmaster Okawaru
  4883 | D:5      | Reached XP level 7. HP: 38/43 MP: 7/7
  5473 | D:6      | Reached skill level 1 in Invocations
  5572 | D:6      | Reached skill level 5 in Shields
  5575 | D:6      | Reached * piety under Okawaru
  5581 | D:6      | Reached skill level 5 in Axes
  5814 | D:6      | Reached XP level 8. HP: 48/48 MP: 9/9
  6412 | D:7      | Noticed a spriggan hatter
  6422 | D:7      | Killed a spriggan hatter
  6422 | D:7      | Reached ** piety under Okawaru
  6423 | D:7      | Reached skill level 5 in Armour
  6431 | D:7      | Reached skill level 5 in Fighting
  6700 | D:7      | Killed from afar by an orc priest

Illustrated notes

Levels and vault maps discovered:
D:1:      sevenhm_arrival_forest_fort_small_6, layout_rooms
D:2:      kennysheep_the_goblin_king, layout_basic,
          hellmonk_ecumenical_altar_crossroads, minmay_fractal_squares_gapless_5
D:3:      layout_basic, nicolae_overflow_crystal_walls,
          kiku_gazebo_garden_becter, uniq_ijyb
D:4:      layout_basic, lemuel_another_geyser
D:5:      layout_basic, minmay_temple_entry_glassed_door
D:6:      layout_loops_ring
D:7:      kennysheep_slugbush, layout_cave_pools,
          nicolae_qazlal_general_emergency, nicolae_overflow_hidden_temple,
          kennysheep_mini_moat, the_hattery
Temple:   jpeg_temple_clearing

Skill      XL: |  1  2  3  4  5  6  7  8 |
---------------+-------------------------+-----
Axes           | 2 3 4 5 6 |  6.1
Shields        | 4 5 6 |  6.0
Fighting       | 4 5 |  5.1
Evocations     | 1 2 3 |  3.4
Armour         | 4 5 |  5.1
Invocations    | 2 3 |  3.5
Dodging        | |  0.7
Stealth        | |  0.8

Action                   |  1- 3 |  4- 6 |  7- 9 || total
-------------------------+-------+-------+-------++-------
Melee: War axe           |    99 |   182 |   163 ||   444
  Use: Scroll            |     6 |     4 |     1 ||    11
       Potion            |       |     3 |       ||     3
Armor: Scale mail        |    82 |   112 |   115 ||   309
Dodge: Dodged            |    37 |    57 |    65 ||   159
Block: Kite shield       |    57 |   120 |   118 ||   295

Table legend: (Time is in decaauts)
 A = Elapsed time spent in this place.
 B = Non-inter-level travel time spent in this place.
 C = Inter-level travel time spent in this place.
 D = Time resting spent in this place.
 E = Time spent auto-exploring this place.
 F = Levels seen in this place.
 G = Mean time per level.
                   A        B        C        D        E       F      G
               +--------+--------+--------+--------+--------+-----+--------+
         Total |   6945 |   6875 |     70 |    245 |   5182 |   8 |  868.1 |
       Dungeon |   6847 |   6807 |     40 |    245 |   5121 |   7 |  978.1 |
        Temple |     98 |     68 |     30 |      0 |     61 |   1 |   98.0 |
               +--------+--------+--------+--------+--------+-----+--------+

Top non-repeatable levels by time:
     D:4: 1632 daAuts
     D:2: 1237 daAuts
     D:3: 1188 daAuts
     D:6: 1087 daAuts
     D:5: 744 daAuts
     D:1: 692 daAuts
     D:7: 264 daAuts
  Temple: 98 daAuts
